 Dungeon Crawl Stone Soup version 0.31-a0-868-g674d60d6f7 (webtiles) character file.

Game seed: 8915699494630153897

1283 Shayle the Ruffian (level 8, -3/62 HPs)
             Began as a Human Shapeshifter on Oct 12, 2023.
             Was a Follower of Kikubaaqudgha.
             Splashed by a jelly's acid (4 damage)
             ... on level 6 of the Dungeon.
             The game lasted 00:10:50 (5259 turns).

Shayle the Ruffian (Human Shapeshifter)             Turns: 5259, Time: 00:10:51

Health: -3/62      AC: -12   Str: 13 (14) XL:     8   Next: 85%
Magic:  8/8        EV: 13    Int: 18 (20) God:    Kikubaaqudgha [*.....]
Gold:   215        SH:  5    Dex: 10 (12) Spells: 7/7 levels left

rFire   + .          .
                       - Unarmed
rCold   . . .        (no shield)
rNeg    . . .        v - +1 leather armour {rF+}
rPois   .            (helmet currently unavailable)
rElec   .            (cloak currently unavailable)
rCorr   .            (gloves currently unavailable)
SInv    .            (boots currently unavailable)
Will    .....        k - amulet of reflection
Stlth   +            l - +6 ring of intelligence
HPRegen 0.30/turn    w - ring of wizardry
MPRegen 0.11/turn

%: reflection, wizardry (x1)
@: beast-form, corroded
A: beast (slay +3)
a: Begin Untransformation, Renounce Religion, Unearth Wretches


You were on level 6 of the Dungeon.
You worshipped Kikubaaqudgha.
Kikubaaqudgha was aware of your devotion.
You were a hulking beast.
You visited 1 branch of the dungeon, and saw 6 of its levels.

You collected 215 gold pieces.

Inventory:

Hand Weapons
 u - a +0 scimitar
Armour
 b - a +0 pair of boots
 j - a +0 ring mail
 p - a +0 helmet
 v - a +1 leather armour of fire resistance (worn)
Jewellery
 a - a ring of positive energy
 f - the ring "Cibbe" {Fire Dex+3}
   (You found it on level 5 of the Dungeon)

   [ring of fire]

   Fire:      It enhances your fire magic.
   Dex+3:     It affects your dexterity (+3).
   rF+:       It protects you from fire.
   rC-:       It makes you vulnerable to cold.
 k - an amulet of reflection (around neck)
 l - a +6 ring of intelligence (left hand)
 w - a ring of wizardry (right hand)
Talismans
 c - a beast talisman (active)
 d - a flux talisman
Wands
 q - a wand of mindburst (18)
 x - a wand of polymorph (14)
Scrolls
 e - a scroll of brand weapon {unknown}
 g - 4 scrolls of identify {unknown}
 i - 3 scrolls of fog {unknown}
 m - a scroll of enchant weapon {unknown}
 n - 2 scrolls of teleportation {unknown}
 s - 3 scrolls of amnesia {unknown}
Potions
 h - a potion of degeneration
 o - a potion of curing
 r - a potion of might {unknown}
 t - a potion of attraction {unknown}


   Skills:
 + Level 5.0 Fighting
 + Level 5.3 Dodging
 + Level 5.8 Unarmed Combat
 + Level 5.4 Shapeshifting


You had 7 spell levels left.
You didn't know any spells.
Your spell library contained the following spells:

 Spells                   Type           Power      Damage    Failure   Level
 Kiss of Death            Conj/Necr      0%         2d5       12%         1
 Necrotise                Necr           0%         1d4       12%         1
 Call Canine Familiar     Summ           0%         N/A       32%         3
 Confusing Touch          Hex            0%         N/A       32%         3
 Vampiric Draining        Necr           0%         2d6       32%         3
 Animate Armour           Summ/Erth      0%         N/A       69%         4
 Animate Dead             Necr           0%         N/A       69%         4
 Dispel Undead            Necr           0%         3d6       69%         4
 Vhi's Electric Charge    Tloc/Air       0%         N/A       69%         4
 Dragon's Call            Summ           0%         N/A       100%        9


Dungeon Overview and Level Annotations

Branches:
Dungeon (6/15)             Temple (0/1) D:5

Altars:
Kikubaaqudgha

Shops:
D:5 [


Message History

You hit the jelly.
Your hands burn!
The jelly is severely wounded.
You hit the jelly but do no damage. The acid corrodes you!
Your hands burn!
The jelly is severely wounded.
The jelly jiggles.
The jelly hits you.
You are splashed with acid!
You hit the jelly but do no damage. The acid corrodes you!
Your hands burn!
The jelly is severely wounded.
You block the jelly's attack.
You completely miss the jelly.
The jelly is severely wounded.
The jelly hits you.
You are splashed with acid!
You hit the jelly but do no damage.
Your hands burn!
* * * LOW HITPOINT WARNING * * *
The jelly is severely wounded.
You block the jelly's attack.
You hit the jelly but do no damage.
Your hands burn!
* * * LOW HITPOINT WARNING * * *
The jelly is severely wounded.
The jelly barely misses you.
Aiming: Mindburst
Press: ? - help, Shift-Dir - straight line, f - you
Okay, then.
Okay, then.
Okay, then.
You hit the jelly.
Your hands burn!
* * * LOW HITPOINT WARNING * * *
The jelly is severely wounded.
The jelly hits you.
* * * LOW HITPOINT WARNING * * *
The acid corrodes you!
You are splashed with acid.
* * * LOW HITPOINT WARNING * * *
It was a potion of degeneration.
There was something very wrong with that liquid.
You feel weakened.
You feel dopey.
You feel clumsy. The jelly hits you.
* * * LOW HITPOINT WARNING * * *
You are splashed with acid.
You die...
Kikubaaqudgha rasps: "You have failed me!
Welcome... death!"

#..# #...
##..# ....
#..# #..#
#..#
#|.########
#.h%......#
#J#######.#
#. #.# #.
#.# #. #.#
#. #.# ..
#.# ## #.#
### #.#


You could see a jelly.

Vanquished Creatures
  Sigmund (D:2)
  A water moccasin (D:5)
  Duvessa (D:4)
  A sky beast (D:5)
  An ogre (D:5)
  A phantom (D:4)
  Blork the orc (D:4)
  A scorpion (D:4)
  Dowan (D:4)
  2 hounds
  2 sleepcaps
  6 iguanas
  Robin (D:2)
  3 gnolls (D:2)
  8 adders
  A shadow imp (D:4)
  A worm (D:4)
  2 dart slugs
  11 orcs
  7 ball pythons
  9 endoplasms
  6 giant cockroaches
  17 goblins
  9 hobgoblins
  2 jackals (D:2)
  4 quokkas
  4 bats
  10 frilled lizards
  2 kobolds
  12 rats
128 creatures vanquished.

Notes
Turn   | Place    | Note
-------+----------+-------------------------------------------
     0 | D:1      | Shayle the Human Shapeshifter began the quest for the Orb.
     0 | D:1      | Reached XP level 1. HP: 15/15 MP: 1/1
   170 | D:1      | Reached XP level 2. HP: 11/21 MP: 2/2
   229 | D:1      | Found a faded altar of an unknown god.
   551 | D:1      | Reached XP level 3. HP: 26/26 MP: 3/3
  1118 | D:2      | Noticed Sigmund
  1137 | D:2      | Killed Sigmund
  1138 | D:2      | Reached XP level 4. HP: 34/34 MP: 4/4
  1138 | D:2      | Reached XP level 5. HP: 40/40 MP: 5/5
  1138 | D:2      | Reached XP level 6. HP: 46/46 MP: 6/6
  1263 | D:2      | You fall into a shaft and drop 1 floor!
  1486 | D:3      | Noticed Robin
  1608 | D:2      | Killed Robin
  2638 | D:4      | Noticed Blork the orc
  2677 | D:4      | Killed Blork the orc
  2678 | D:4      | Reached XP level 7. HP: 17/52 MP: 7/7
  2824 | D:4      | Found an ancient bone altar of Kikubaaqudgha.
  2832 | D:4      | Became a worshipper of Kikubaaqudgha
  2844 | D:4      | Got a quivering book
  3394 | D:4      | Noticed Duvessa
  3394 | D:4      | Noticed Dowan
  3415 | D:4      | Killed Duvessa
  3416 | D:4      | Reached skill level 5 in Unarmed Combat
  3416 | D:4      | Reached XP level 8. HP: 26/60 MP: 8/8
  3417 | D:4      | Killed Dowan
  3872 | D:5      | Entered Level 5 of the Dungeon
  3930 | D:5      | Identified the ring "Cibbe" {Fire Dex+3}
  4227 | D:5      | Reached skill level 5 in Shapeshifting
  4331 | D:5      | Reached * piety under Kikubaaqudgha
  4331 | D:5      | Received a gift from Kikubaaqudgha
  4332 | D:5      | Reached skill level 5 in Dodging
  4497 | D:5      | Found a staircase to the Ecumenical Temple.
  4670 | D:5      | Found Cazigg's Armour Boutique.
  4922 | D:5      | Reached skill level 5 in Fighting
  5258 | D:6      | HP: 2/62 [acid (6)]
  5259 | D:6      | Splashed by a jelly's acid

Illustrated notes

Levels and vault maps discovered:
D:1:      shiori_arrival_maze, layout_basic, shapermc_ecumenical_altar_venn,
          minmay_split_cup_small
D:2:      layout_rooms, uniq_sigmund
D:3:      layout_basic, minmay_box_of_dots, uniq_robin
D:4:      layout_basic, lemuel_round_altar, kennysheep_dice, uniq_blork_the_orc,
          uniq_duvessa
D:5:      layout_basic, temple_doors_ab, minmay_shop_grid_forest,
          kennysheep_generic_room_10
D:6:      layout_loops_ring, okawaru_ov_weapons_minmay

Skill      XL: |  1  2  3  4  5  6  7  8 |
---------------+-------------------------+-----
Fighting       | 2 3 4 5 |  5.0
Dodging        | 3 4 5 |  5.3
Unarmed Combat | 4 5 |  5.8
Shapeshifting  | 4 5 |  5.4

Action                     |  1- 3 |  4- 6 |  7- 9 || total
---------------------------+-------+-------+-------++-------
  Melee: Unarmed           |   120 |   182 |   183 ||   485
         Punch             |     2 |     6 |     7 ||    15
  Evoke: Wand              |       |       |     2 ||     2
    Use: Potion            |     1 |     1 |     1 ||     3
 Armour: Chain mail        |    27 |       |       ||    27
         Animal skin       |     4 |       |       ||     4
         Ring mail         |    42 |    92 |    41 ||   175
         Skin              |     4 |       |       ||     4
         Leather armour    |       |       |    54 ||    54
  Dodge: Dodged            |    47 |    94 |    65 ||   206
  Block: Other             |       |       |    14 ||    14

Table legend: (Time is in decaauts)
 A = Elapsed time spent in this place.
 B = Non-inter-level travel time spent in this place.
 C = Inter-level travel time spent in this place.
 D = Time resting spent in this place.
 E = Time spent auto-exploring this place.
 F = Levels seen in this place.
 G = Mean time per level.
                   A        B        C        D        E       F      G
               +--------+--------+--------+--------+--------+-----+--------+
         Total |   5226 |   5033 |    193 |    549 |   3185 |   6 |  871.0 |
       Dungeon |   5226 |   5033 |    193 |    549 |   3185 |   6 |  871.0 |
               +--------+--------+--------+--------+--------+-----+--------+

Top non-repeatable levels by time:
     D:4: 1461 daAuts
     D:5: 1122 daAuts
     D:1: 1080 daAuts
     D:2: 740 daAuts
     D:3: 703 daAuts
     D:6: 118 daAuts
